 Dungeon Crawl Stone Soup version 0.22.1-1-ga44c0e5 (webtiles) character file.

84 Fang the Skirmisher (level 4, -3/43 HPs)
             Began as a Gargoyle Berserker on Oct 17, 2018.
             Was a Believer of Trog.
             Killed by divine providence
             ... invoked by an orc priest
              (11 damage)
             ... on level 3 of the Dungeon.
             The game lasted 00:01:29 (2019 turns).

Fang the Skirmisher (Gargoyle Berserker)            Turns: 2019, Time: 00:01:30

Health: -3/43      AC:  5    Str: 26    XL:     4   Next: 45%
Magic:  4/4        EV: 12    Int:  8    God:    Trog [**....]
Gold:   105        SH:  0    Dex:  9    Spells: 3/3 levels left

rFire    . . .     SeeInvis .   a - +0 hand axe
rCold    . . .     Gourm    .   (no shield)
rNeg     + . .     Faith    .   b - +0 animal skin
rPois    ∞         Spirit   .   (no helmet)
rElec    +         Reflect  .   (no cloak)
rCorr    .         Harm     .   (no gloves)
MR       .....                  (no boots)
Stlth    ..........             (no amulet)
HPRegen  0.14/turn              (no ring)
MPRegen  0.09/turn              (no ring)

@: berserking, very quick
A: negative energy resistance 1, electricity resistance, unbreathing,
petrification resistance, rot immunity, AC +3
a: Berserk, Trog's Hand, Renounce Religion


You were on level 3 of the Dungeon.
You worshipped Trog.
Trog was pleased with you.
You were near starving.

You visited 1 branch of the dungeon, and saw 3 of its levels.

You collected 105 gold pieces.

Inventory:

Hand Weapons
 a - a +0 hand axe (weapon)
Armour
 b - a +0 animal skin (worn)
Scrolls
 d - a scroll of fear {unknown}
 f - 4 scrolls of teleportation {unknown}
 g - a scroll of amnesia {unknown}
 h - 2 scrolls of magic mapping {unknown}
 i - 2 scrolls of blinking {unknown}
 j - a scroll of fog {unknown}
 l - a scroll of remove curse {unknown}
 n - 2 scrolls of enchant armour {unknown}
Potions
 e - 2 potions of curing {unknown}
 k - a potion of lignification {unknown}
 m - a potion of cancellation {unknown}
Comestibles
 c - 2 rations


   Skills:
 + Level 4.1 Fighting
 + Level 3.7 Axes
 + Level 2.3 Armour
 + Level 2.0 Dodging
 + Level 0.1 Stealth


You had 3 spell levels left.
You didn't know any spells.
Your spell library was empty.

Dungeon Overview and Level Annotations

Branches:
Dungeon (3/15)

Altars:


Innate Abilities, Weirdness & Mutations

You are resistant to torment.
Your stone body is resilient. (AC +3)
You are immune to poison.
You resist negative energy. (rN+)
You are resistant to electric shocks. (rElec)
You can survive without breathing.
You are immune to petrification.
You are immune to rotting.


Message History

The orc priest shouts!
A red film seems to cover your vision as you go berserk!
You feel yourself moving faster!
You feel mighty!
You are near starving!
The orc wizard casts a spell at you. The magic dart hits you!
The orc priest calls down the wrath of Beogh upon you.
Beogh smites you!
* * * LOW HITPOINT WARNING * * *
You barely miss the orc. x2; The orc closely misses you.
The orc barely misses you.
The orc wizard casts a spell.
The orc wizard blinks!
Unknown command.
You barely miss the orc. You slash the orc!
You kill the orc!
Trog accepts your kill.
The orc priest mumbles some strange prayers to Beogh against you.
Beogh smites you!
You die...

..#
.......#.#.#
.......#.#.#
.......#.#.#
.......#.#.#
......o#.#.#
......o#.#.#
.....§)#>#.#
......o@...###
.....o.#..<..#
.......#####.#
....... #
.<.....
......# .....#
....#


You could see 2 orc priests, an orc wizard and an orc.

Vanquished Creatures
  3 adders (D:2)
  A worm (D:2)
  2 leopard geckos
  An orc (D:3)
  6 giant cockroaches
  4 hobgoblins
  5 jackals
  7 bats
  5 frilled lizards
  6 goblins
  2 kobolds (D:1)
  8 rats
50 creatures vanquished.

Notes
Turn   | Place    | Note
-------+----------+-------------------------------------------
     0 | D:1      | Fang the Gargoyle Berserker began the quest for the Orb.
     0 | D:1      | Reached XP level 1. HP: 14/14 MP: 1/1
   230 | D:1      | Reached XP level 2. HP: 19/19 MP: 2/2
   828 | D:2      | Reached XP level 3. HP: 16/24 MP: 3/3
   831 | D:2      | Reached ** piety under Trog
  1248 | D:2      | Reached skill level 4 in Fighting
  1432 | D:2      | Reached XP level 4. HP: 24/29 MP: 4/4
  2019 | D:3      | Killed from afar by an orc priest

Skill      XL: |  1  2  3 |
---------------+----------+-----
Axes           | 3 |  3.7
Fighting       | 4 |  4.1
Dodging        | 2 |  2.0
Armour         | |  2.3
Stealth        | |  0.1

Action                   |  1- 3 |  4- 6 || total
-------------------------+-------+-------++-------
Melee: Hand axe          |   115 |    47 ||   162
Invok: Berserk           |       |     1 ||     1
 Stab: Sleeping          |       |     1 ||     1
  Eat: Chunk             |     1 |     2 ||     3
Armor: Animal skin       |    56 |    23 ||    79
Dodge: Dodged            |    95 |    39 ||   134
